| TOP OF THE 1ST |
|
Tri-City Dust Devils batting - Pitching for Boise Hawks : LHP Marc Eismann
|
|
Pitching: LHP Marc Eismann
|
|
|
Batting: RHB Jeremy Mercer
|
0-0: Called Strike 0-1: Ball 1-1: Called Strike 1-2: Ball 2-2: Foul Ball, location: 2F 2-2: Strikes out looking
|
|
Batting: SHB Ryan Brown
|
0-0: Called Strike 0-1: Swinging Strike 0-2: Foul Ball, location: 2F 0-2: Ball 1-2: Fly out, F5 (Popup, 56S, EV 76.9 MPH)
|
|
Batting: RHB Hector Fernandez
|
0-0: Foul Ball, location: 2F 0-1: Foul Ball, location: 2F 0-2: Strikes out swinging
|
| Top of the 1st over - 0 runs, 0 hits, 0 errors, 0 left on base; Tri-City 0 - Boise 0 |
| BOTTOM OF THE 1ST |
|
Boise Hawks batting - Pitching for Tri-City Dust Devils : RHP Tim Martin
|
|
Pitching: RHP Tim Martin
|
|
|
Batting: LHB Steve Gilliam
|
0-0: SINGLE (Groundball, 5D, EV 103.8 MPH)
|
|
Batting: LHB Glenn Lowther
|
0-0: Ball 1-0: Ball Steve Gilliam is caught stealing 2nd base 2-6 2-0: Ball 3-0: Called Strike 3-1: Called Strike 3-2: Strikes out swinging
|
|
Batting: LHB Greg Valenzuela
|
0-0: Ball 1-0: Foul Ball, location: 2F 1-1: Called Strike 1-2: Strikes out swinging
|
| Bottom of the 1st over - 0 runs, 1 hit, 0 errors, 0 left on base; Tri-City 0 - Boise 0 |
| TOP OF THE 2ND |
|
Tri-City Dust Devils batting - Pitching for Boise Hawks : LHP Marc Eismann
|
|
Batting: LHB Frank McConnell
|
0-0: Ball 1-0: Ball 2-0: Foul Ball, location: 2F 2-1: Called Strike 2-2: Strikes out looking
|
|
Batting: RHB Jaden Scott
|
0-0: Ball 1-0: Ball 2-0: Ball 3-0: Base on Balls
|
|
Batting: RHB Joe Weissman
|
0-0: Ball 1-0: Ball 2-0: Called Strike 2-1: Ball 3-1: Foul Ball, location: 2F 3-2: Strikes out swinging Jaden Scott steals 2nd, throwing error, E2 Jaden Scott to third
|
|
Batting: LHB Paul Adams
|
0-0: Ball 1-0: Called Strike 1-1: Ball 2-1: Foul Ball, location: 2F 2-2: Ball 3-2: Strikes out looking
|
| Top of the 2nd over - 0 runs, 0 hits, 1 error, 1 left on base; Tri-City 0 - Boise 0 |
| BOTTOM OF THE 2ND |
|
Boise Hawks batting - Pitching for Tri-City Dust Devils : RHP Tim Martin
|
|
Batting: SHB Bobby Santor
|
0-0: Ball 1-0: Called Strike 1-1: Ball 2-1: Swinging Strike 2-2: Ground out U3 (Groundball, 3, EV 85.6 MPH)
|
|
Batting: RHB Eric Delgado
|
0-0: Called Strike 0-1: Called Strike 0-2: Strikes out looking
|
|
Batting: SHB Jamie Locke
|
0-0: Ball 1-0: Ball 2-0: Ground out U3 (Groundball, 3L, EV 106.9 MPH)
|
| Bottom of the 2nd over - 0 runs, 0 hits, 0 errors, 0 left on base; Tri-City 0 - Boise 0 |
| TOP OF THE 3RD |
|
Tri-City Dust Devils batting - Pitching for Boise Hawks : LHP Marc Eismann
|
|
Batting: RHB Ruben Luis
|
0-0: Called Strike 0-1: Called Strike 0-2: Strikes out swinging
|
|
Batting: RHB Ron Major
|
0-0: Ball 1-0: Foul Ball, location: 2F 1-1: Called Strike 1-2: Strikes out looking
|
|
Batting: RHB Jeremy Mercer
|
0-0: Ball 1-0: Called Strike 1-1: Ground out 5-3 (Groundball, 15, EV 91.9 MPH)
|
| Top of the 3rd over - 0 runs, 0 hits, 0 errors, 0 left on base; Tri-City 0 - Boise 0 |
| BOTTOM OF THE 3RD |
|
Boise Hawks batting - Pitching for Tri-City Dust Devils : RHP Tim Martin
|
|
Batting: RHB John Stevenson
|
0-0: Called Strike 0-1: Foul Ball, location: 2F 0-2: Ball 1-2: Foul Ball, location: 2F 1-2: Ball 2-2: Strikes out swinging
|
|
Batting: LHB Zane Kelton
|
0-0: Ball 1-0: Swinging Strike 1-1: Swinging Strike 1-2: Strikes out swinging
|
|
Batting: RHB Matt Cone
|
0-0: Ball 1-0: Ground out 6-3 (Groundball, 6MS, EV 65.6 MPH)
|
| Bottom of the 3rd over - 0 runs, 0 hits, 0 errors, 0 left on base; Tri-City 0 - Boise 0 |
| TOP OF THE 4TH |
|
Tri-City Dust Devils batting - Pitching for Boise Hawks : LHP Marc Eismann
|
|
Batting: SHB Ryan Brown
|
0-0: Called Strike 0-1: Ball 1-1: Ball 2-1: Called Strike 2-2: Foul Ball, location: 2F 2-2: Foul Ball, location: 2F 2-2: Strikes out swinging
|
|
Batting: RHB Hector Fernandez
|
0-0: Ball 1-0: Ball 2-0: Ball 3-0: Called Strike 3-1: Swinging Strike 3-2: Ground out 5-3 (Groundball, 5, EV 88.1 MPH)
|
|
Batting: LHB Frank McConnell
|
0-0: Called Strike 0-1: Called Strike 0-2: Ball 1-2: DOUBLE (Line Drive, 9LM, EV 93.1 MPH)
|
|
Batting: RHB Jaden Scott
|
0-0: Called Strike 0-1: Foul Ball, location: 2F 0-2: Ground out 5-3 (Groundball, 5S, EV 86.9 MPH)
|
| Top of the 4th over - 0 runs, 1 hit, 0 errors, 1 left on base; Tri-City 0 - Boise 0 |
| BOTTOM OF THE 4TH |
|
Boise Hawks batting - Pitching for Tri-City Dust Devils : RHP Tim Martin
|
|
Batting: LHB Steve Gilliam
|
0-0: Foul Ball, location: 2F 0-1: Called Strike 0-2: Strikes out looking
|
|
Batting: LHB Glenn Lowther
|
0-0: Ground out U3 (Groundball, 34S, EV 85.6 MPH)
|
|
Batting: LHB Greg Valenzuela
|
0-0: Ball 1-0: Ground out U3 (Groundball, 13, EV 87.5 MPH)
|
| Bottom of the 4th over - 0 runs, 0 hits, 0 errors, 0 left on base; Tri-City 0 - Boise 0 |
| TOP OF THE 5TH |
|
Tri-City Dust Devils batting - Pitching for Boise Hawks : LHP Marc Eismann
|
|
Batting: RHB Joe Weissman
|
0-0: Ball 1-0: Called Strike 1-1: Foul Ball, location: 2F 1-2: Ground out 6-3 (Groundball, 6, EV 90.0 MPH)
|
|
Batting: LHB Paul Adams
|
0-0: Swinging Strike 0-1: Swinging Strike 0-2: Foul Ball, location: 2F 0-2: Strikes out swinging
|
|
Batting: RHB Ruben Luis
|
0-0: Fly out, F7 (Flyball, 78S, EV 89.4 MPH)
|
| Top of the 5th over - 0 runs, 0 hits, 0 errors, 0 left on base; Tri-City 0 - Boise 0 |
| BOTTOM OF THE 5TH |
|
Boise Hawks batting - Pitching for Tri-City Dust Devils : RHP Tim Martin
|
|
Batting: SHB Bobby Santor
|
0-0: Called Strike 0-1: Ball 1-1: Ball 2-1: Swinging Strike 2-2: Ball 3-2: Foul Ball, location: 2F 3-2: Foul Ball, location: 2F 3-2: Foul Ball, location: 2F 3-2: Foul Ball, location: 2F 3-2: Base on Balls
|
|
Batting: RHB Eric Delgado
|
0-0: Ball 1-0: Called Strike 1-1: Ball 2-1: Called Strike 2-2: Foul Ball, location: 2F 2-2: Foul Ball, location: 2F 2-2: Foul Ball, location: 2F 2-2: Fly out, F9 (Flyball, 9D, EV 100.6 MPH)
|
|
Batting: SHB Jamie Locke
|
0-0: Ball 1-0: Ball 2-0: Ball 3-0: Called Strike 3-1: Foul Ball, location: 2F 3-2: Fielders Choice at 2nd, 4-6 (Groundball, 34D, EV 105.0 MPH)
|
|
Batting: RHB John Stevenson
|
0-0: Ball 1-0: Called Strike 1-1: SINGLE (Groundball, 5S, EV 70.0 MPH) (infield hit) Jamie Locke to second
|
|
Batting: LHB Zane Kelton
|
0-0: Ball 1-0: Ball 2-0: Foul Ball, location: 2F 2-1: Swinging Strike 2-2: Fly out, F4 (Line Drive, 4, EV 66.3 MPH)
|
| Bottom of the 5th over - 0 runs, 1 hit, 0 errors, 2 left on base; Tri-City 0 - Boise 0 |
| TOP OF THE 6TH |
|
Tri-City Dust Devils batting - Pitching for Boise Hawks : LHP Marc Eismann
|
|
Batting: RHB Ron Major
|
0-0: Ball 1-0: Foul Ball, location: 2F 1-1: Ball 2-1: Foul Ball, location: 2F 2-2: Strikes out swinging
|
|
Pitching: LHP Dan Ott
|
|
|
Batting: RHB Jeremy Mercer
|
0-0: Called Strike 0-1: Foul Ball, location: 2F 0-2: Fly out, F7 (Flyball, 7LS, EV 87.5 MPH)
|
|
Batting: SHB Ryan Brown
|
0-0: Ground out 4-3 (Groundball, 34, EV 87.5 MPH)
|
| Top of the 6th over - 0 runs, 0 hits, 0 errors, 0 left on base; Tri-City 0 - Boise 0 |
| BOTTOM OF THE 6TH |
|
Boise Hawks batting - Pitching for Tri-City Dust Devils : RHP Tim Martin
|
|
Batting: RHB Matt Cone
|
0-0: DOUBLE (Flyball, 8RD, EV 91.9 MPH)
|
|
Batting: LHB Steve Gilliam
|
0-0: Ball 1-0: Called Strike 1-1: Foul Ball, location: 2F 1-2: Strikes out swinging
|
|
Batting: LHB Glenn Lowther
|
0-0: Ball 1-0: Ball 2-0: Ground out 5-3 (Groundball, 56S, EV 85.6 MPH)
|
|
Batting: LHB Greg Valenzuela
|
0-0: Called Strike 0-1: Ball 1-1: Ball 2-1: Called Strike 2-2: Ball 3-2: Foul Ball, location: 2F 3-2: Base on Balls
|
|
Batting: SHB Bobby Santor
|
0-0: Ball 1-0: Foul Ball, location: 2F 1-1: Called Strike 1-2: Strikes out swinging
|
| Bottom of the 6th over - 0 runs, 1 hit, 0 errors, 2 left on base; Tri-City 0 - Boise 0 |
| TOP OF THE 7TH |
|
Tri-City Dust Devils batting - Pitching for Boise Hawks : LHP Dan Ott
|
|
Batting: RHB Hector Fernandez
|
0-0: Swinging Strike 0-1: Foul Ball, location: 2F 0-2: Strikes out swinging
|
|
Batting: LHB Frank McConnell
|
0-0: Called Strike 0-1: Ball 1-1: Swinging Strike 1-2: Foul Ball, location: 2F 1-2: Strikes out swinging
|
|
Batting: RHB Jaden Scott
|
0-0: Ball 1-0: Swinging Strike 1-1: Called Strike 1-2: Strikes out swinging
|
| Top of the 7th over - 0 runs, 0 hits, 0 errors, 0 left on base; Tri-City 0 - Boise 0 |
| BOTTOM OF THE 7TH |
|
Boise Hawks batting - Pitching for Tri-City Dust Devils : RHP Tim Martin
|
|
Batting: RHB Eric Delgado
|
0-0: Foul Ball, location: 2F 0-1: Ball 1-1: Called Strike 1-2: SINGLE (Groundball, 4MD, EV 96.3 MPH)
|
|
Batting: SHB Jamie Locke
|
0-0: Ball 1-0: Fielders Choice at 2nd, 3-6 (Groundball, 34, EV 99.4 MPH)
|
|
Batting: RHB John Stevenson
|
0-0: Ball 1-0: Called Strike 1-1: Foul Ball, location: 2F 1-2: Foul Ball, location: 2F 1-2: Foul Ball, location: 2F 1-2: Strikes out swinging
|
|
Batting: LHB Zane Kelton
|
0-0: Called Strike 0-1: Ball 1-1: Foul Ball, location: 2F 1-2: Reached on error, E6 (Groundball, P, EV 76.9 MPH) Jamie Locke to second
|
|
Batting: RHB Matt Cone
|
0-0: Ground out 4-3 (Groundball, 4, EV 89.4 MPH)
|
| Bottom of the 7th over - 0 runs, 1 hit, 1 error, 2 left on base; Tri-City 0 - Boise 0 |
| TOP OF THE 8TH |
|
Tri-City Dust Devils batting - Pitching for Boise Hawks : LHP Dan Ott
|
|
Batting: RHB Joe Weissman
|
0-0: Ball 1-0: Foul Ball, location: 2F 1-1: Foul Ball, location: 2F 1-2: Ball 2-2: Foul Ball, location: 2F 2-2: Strikes out swinging
|
|
Batting: LHB Paul Adams
|
0-0: Called Strike 0-1: Foul Ball, location: 2F 0-2: Ball 1-2: Strikes out swinging
|
|
Batting: RHB Ruben Luis
|
0-0: Swinging Strike 0-1: Foul Ball, location: 2F 0-2: Strikes out looking
|
| Top of the 8th over - 0 runs, 0 hits, 0 errors, 0 left on base; Tri-City 0 - Boise 0 |
| BOTTOM OF THE 8TH |
|
Boise Hawks batting - Pitching for Tri-City Dust Devils : RHP Tim Martin
|
|
Pitching: RHP Ching Ge
|
|
|
Batting: LHB Steve Gilliam
|
0-0: Ball 1-0: Called Strike 1-1: DOUBLE (Line Drive, 9LM, EV 107.5 MPH)
|
|
Batting: LHB Glenn Lowther
|
0-0: Fly out, F4 (Popup, 4, EV 75.6 MPH)
|
|
Batting: LHB Greg Valenzuela
|
0-0: Fly out, F4 (Line Drive, 4, EV 69.4 MPH)
|
|
Batting: SHB Bobby Santor
|
0-0: Called Strike 0-1: Called Strike 0-2: Ball 1-2: Ball 2-2: Foul Ball, location: 2F 2-2: Ball 3-2: Base on Balls
|
|
Batting: RHB Eric Delgado
|
0-0: Ball 1-0: Called Strike 1-1: Ball 2-1: Swinging Strike 2-2: Ball 3-2: Foul Ball, location: 2F 3-2: Base on Balls Steve Gilliam to third Bobby Santor to second
|
|
Batting: SHB Jamie Locke
|
0-0: Ball 1-0: Ball 2-0: Ball 3-0: Called Strike 3-1: Base on Balls Steve Gilliam scores Bobby Santor to third Eric Delgado to second
|
|
Batting: RHB John Stevenson
|
0-0: Called Strike 0-1: Called Strike 0-2: Foul Ball, location: 2F 0-2: Strikes out swinging
|
| Bottom of the 8th over - 1 run, 1 hit, 0 errors, 3 left on base; Tri-City 0 - Boise 1 |
| TOP OF THE 9TH |
|
Tri-City Dust Devils batting - Pitching for Boise Hawks : LHP Dan Ott
|
|
Pitching: RHP Tye Dickinson
|
|
|
Pinch Hitting: LHB Roger Duque
|
0-0: Foul Ball, location: 2F 0-1: Foul Ball, location: 2F 0-2: Ball 1-2: Ball 2-2: Strikes out swinging
|
|
Batting: RHB Jeremy Mercer
|
0-0: Ball 1-0: Ball 2-0: Called Strike 2-1: Ball 3-1: Swinging Strike 3-2: Foul Ball, location: 2F 3-2: Base on Balls
|
|
Batting: SHB Ryan Brown
|
0-0: Fly out, F1 (Line Drive, P, EV 69.4 MPH)
|
|
Batting: RHB Hector Fernandez
|
0-0: Fly out, F8 (Flyball, 8LM, EV 74.4 MPH)
|
| Top of the 9th over - 0 runs, 0 hits, 0 errors, 1 left on base; Tri-City 0 - Boise 1 |
|